 Dungeon Crawl Stone Soup version 0.20.1-1-g8b1a95d (webtiles) character file.

134 vatarom the Firebug (level 4, -6/26 HPs)
             Began as a Deep Elf Fire Elementalist on Sept 7, 2017.
             Mangled by Duvessa
             ... wielding a +0 short sword
              (15 damage)
             ... on level 4 of the Dungeon.
             The game lasted 00:06:03 (2793 turns).

vatarom the Firebug (Deep Elf Fire Elementalist)    Turns: 2793, Time: 00:06:04

Health: -6/26      AC:  4    Str:  6    XL:     4   Next: 95%
Magic:  2/10       EV: 13    Int: 20    God:
Gold:   137        SH:  0    Dex: 15    Spells: 3/9 levels left

rFire    . . .     SeeInvis .   e - +0 dagger
rCold    + . .     Gourm    .   (no shield)
rNeg     + . .     Faith    .   p - +2 robe {MR+}
rPois    .         Spirit   .   (helmet restricted)
rElec    .         Reflect  .   (no cloak)
rCorr    .         Harm     .   (no gloves)
MR       +....     Clarity  +   (no boots)
Stlth    ++........             (no amulet)
Regen    0.1/turn               o - ring of positive energy
MPRegen  0.2/turn               k - ring of protection from cold

@: about to teleport, very slightly contaminated
A: beak, claws 1, clarity, robust 1
a: no special abilities


You were on level 4 of the Dungeon.
You were not hungry.

You visited 1 branch of the dungeon, and saw 4 of its levels.

You collected 137 gold pieces.

Inventory:

Hand Weapons
 e - a +0 dagger (weapon)
Armour
 a - a +0 robe
 f - a +0 helmet
 p - a +2 robe of magic resistance (worn)
Jewellery
 d - an uncursed ring of resist corrosion
 k - a ring of protection from cold (right claw)
 o - a ring of positive energy (left claw)
Scrolls
 j - 2 scrolls of remove curse {unknown}
 l - a scroll of teleportation
 m - 4 scrolls of identify
 q - a scroll of blinking {unknown}
Potions
 g - 2 potions of invisibility
 n - a potion of agility
Books
 b - a book of Flames

   Spells                             Type                      Level
   a - Flame Tongue                   Conjuration/Fire             1
   b - Throw Flame                    Conjuration/Fire             2
   c - Conjure Flame                  Conjuration/Fire             3
   d - Inner Flame                    Hexes/Fire                   3
   e - Sticky Flame                   Conjuration/Fire             4
   f - Fireball                       Conjuration/Fire             5
Comestibles
 c - 3 bread rations
 h - 3 royal jellies
 i - 2 meat rations


   Skills:
 - Level 2.4 Dodging
 - Level 2.4 Stealth
 * Level 3.0 Spellcasting
 - Level 1.1 Conjurations
 + Level 6.2 Fire Magic


You had 3 spell levels left.
You knew the following spells:

 Your Spells              Type           Power        Failure   Level  Hunger
a - Flame Tongue          Conj/Fire      ###..        3%          1    None
b - Throw Flame           Conj/Fire      ###...       4%          2    ##.....
c - Conjure Flame         Conj/Fire      ###.....     10%         3    ###....


Dungeon Overview and Level Annotations

Branches:
Dungeon (4/15)
 Temple: D:4-7

Altars:

Annotations:
D:4 Duvessa


Innate Abilities, Weirdness & Mutations

You have a beak for a mouth.
You have sharp fingernails.
You possess an exceptional clarity of mind.
You are robust. (+10% HP)


Message History

Aiming: Flame Tongue
Press: ? - help, Shift-Dir - straight line, f/p - Duvessa
Aim: Duvessa, wielding a short sword and wearing a chain mail (moderately wounded, berserk, fast, unusually strong)
You miscast Flame Tongue.
You are very lightly contaminated with residual magic.
You feel a strange surge of energy! Duvessa misses you.
Duvessa closely misses you.
Casting: Flame Tongue
Confirm with . or Enter, or press ? or * to list all spells.
Aiming: Flame Tongue
Press: ? - help, Shift-Dir - straight line, f/p - Duvessa
Aim: Duvessa, wielding a short sword and wearing a chain mail (moderately wounded, berserk, fast, unusually strong)
The flame tongue hits Duvessa.
Duvessa is moderately wounded.
Duvessa hits you with a short sword!
Unknown command.
As you read the scroll of teleportation, it crumbles to dust.
You feel strangely unstable. Duvessa hits you with a short sword!
Ouch! That really hurt!
You die...

.. ..#.#.# #######.# ##.
#.#.#.# #.......# #..
#.#.#.# #.#######
..#.#..##.#.#.#####.#######
..................§........
.######...#.#.#####.#......
.......<).#.#.# ...#..###.
#.########.#.#.##.####....#
...........@.#.## ##.#.#
###########e##.# ####.#.#
###.....gg...# #....# #
#......###.### #....# #
#......# ..# #.##....#.#.
#.$...). ...##.?.....†...
###...... ...#####........
#...g...................
#.......................


You could see Duvessa (berserk) and 2 gnolls.

Vanquished Creatures
  Dowan (D:4)
  An adder (D:4)
  A gnoll (D:4)
  3 worms (D:2)
  A dart slug (D:3)
  A leopard gecko (D:1)
  A ball python (D:1)
  4 giant cockroaches
  9 goblins
  4 hobgoblins
  4 jackals (D:3)
  5 quokkas
  6 bats
  4 frilled lizards
  6 kobolds
  6 rats
57 creatures vanquished.

Notes
Turn   | Place    | Note
-------+----------+-------------------------------------------
     0 | D:1      | vatarom the Deep Elf Fire Elementalist began the quest for the Orb.
     0 | D:1      | Reached XP level 1. HP: 10/10 MP: 6/6
   311 | D:1      | Reached XP level 2. HP: 15/15 MP: 6/8
   318 | D:1      | Reached skill level 4 in Fire Magic
   774 | D:1      | Learned a level 2 spell: Throw Flame
  1202 | D:2      | Reached XP level 3. HP: 19/19 MP: 5/9
  1213 | D:2      | Learned a level 3 spell: Conjure Flame
  1513 | D:2      | Reached skill level 5 in Fire Magic
  2297 | D:3      | Gained mutation: You have sharp fingernails. [potion of mutation]
  2297 | D:3      | Gained mutation: You have a beak for a mouth. [potion of mutation]
  2297 | D:3      | Gained mutation: You are robust. (+10% HP) [potion of mutation]
  2297 | D:3      | Gained mutation: You possess an exceptional clarity of mind. [potion of mutation]
  2535 | D:4      | Noticed Dowan
  2538 | D:4      | Reached XP level 4. HP: 23/26 MP: 6/10
  2736 | D:4      | Killed Dowan
  2736 | D:4      | Reached skill level 6 in Fire Magic
  2779 | D:4      | Noticed Duvessa
  2793 | D:4      | Mangled by Duvessa

Skill      XL: |  1  2  3  4 |
---------------+-------------+-----
Fire Magic     | 4 5 6 |  6.2
Dodging        | |  2.4
Stealth        | |  2.4
Spellcasting   | |  3.0
Conjurations   | |  1.1

Action                   |  1- 3 |  4- 6 || total
-------------------------+-------+-------++-------
Melee: Dagger            |    22 |     1 ||    23
       Peck              |       |     1 ||     1
 Cast: Flame Tongue      |    93 |    19 ||   112
       Throw Flame       |     2 |       ||     2
  Use: Scroll            |     2 |     2 ||     4
       Potion            |     2 |       ||     2
 Stab: Sleeping          |     1 |       ||     1
  Eat: Chunk             |     5 |       ||     5
       Bread ration      |       |     1 ||     1
Armor: Robe              |    11 |     2 ||    13
Dodge: Dodged            |    39 |    15 ||    54
